 Dungeon Crawl Stone Soup version 0.27.1-2-g3b301248ec (webtiles) character file.

Game seed: 4361949174254088051

500 Rickety the Stinger (level 7, -3/51 HPs)
             Began as a Gnoll Venom Mage on Sept 25, 2021.
             Slain by Edmund (7 damage)
             ... on level 4 of the Dungeon.
             The game lasted 00:09:37 (4865 turns).

Rickety the Stinger (Gnoll Venom Mage)              Turns: 4865, Time: 00:09:38

Health: -3/51      AC:  4    Str:  8    XL:     7   Next: 16%
Magic:  10/15      EV: 13    Int: 16    God:
Gold:   182        SH:  0    Dex: 12    Spells: 11/17 levels left

rFire    . . .     SeeInvis .   a - +2 whip (drain)
rCold    . . .     Faith    .   (no shield)
rNeg     . . .     Spirit   .   e - +0 leather armour
rPois    +         Reflect  .   (no helmet)
rElec    .         Harm     .   (no cloak)
rCorr    .         Rampage  .   (no gloves)
Will     .....                  m - +0 pair of boots
Stlth    ++........             (no amulet)
HPRegen  0.17/turn              c - ring of poison resistance
MPRegen  0.14/turn              (no ring)

@: mighty
A: fangs 1, strong nose, distributed training
a: no special abilities


You were on level 4 of the Dungeon.
You visited 1 branch of the dungeon, and saw 4 of its levels.

You collected 182 gold pieces.

Inventory:

Hand Weapons
 a - a +2 whip of draining (weapon)
 b - a +1 mace of protection
Missiles
 g - 19 poisoned darts
Armour
 e - a +0 leather armour (worn)
 m - a +0 pair of boots (worn)
Jewellery
 c - a ring of poison resistance (left hand)
 k - an amulet of reflection
Scrolls
 d - a scroll of magic mapping {unknown}
 f - a scroll of teleportation {unknown}
 h - 2 scrolls of amnesia {unknown}
 i - 2 scrolls of identify {unknown}
 j - a scroll of immolation {unknown}
 l - a scroll of silence {unknown}
 n - a scroll of enchant weapon {unknown}
Potions
 v - a potion of might


   Skills:
 + Level 2.3 Fighting
 + Level 2.3 Short Blades
 + Level 2.3 Long Blades
 + Level 2.3 Axes
 + Level 2.3 Maces & Flails
 + Level 2.3 Polearms
 + Level 2.3 Staves
 + Level 2.3 Slings
 + Level 2.3 Bows
 + Level 2.3 Crossbows
 + Level 2.3 Throwing
 + Level 2.3 Armour
 + Level 5.1 Dodging
 + Level 4.8 Stealth
 + Level 2.3 Shields
 + Level 2.3 Unarmed Combat
 + Level 5.5 Spellcasting
 + Level 1.9 Conjurations
 + Level 1.9 Hexes
 + Level 1.9 Summonings
 + Level 1.9 Necromancy
 + Level 1.9 Translocations
 + Level 2.9 Transmutations
 + Level 1.9 Fire Magic
 + Level 1.9 Ice Magic
 + Level 1.9 Air Magic
 + Level 1.9 Earth Magic
 + Level 5.8 Poison Magic
 + Level 2.5 Invocations
 + Level 2.3 Evocations


You had 11 spell levels left.
You knew the following spells:

 Your Spells              Type           Power      Damage    Failure   Level
a - Sting                 Tmut/Pois      72%        1d6       3%          1
m - Mephitic Cloud        Conj/Pois/Air  14%        N/A       16%         3
v - Poisonous Vapours     Pois/Air       32%        N/A       6%          2

Your spell library contained the following spells:

 Spells                   Type           Power      Damage    Failure   Level
 Sublimation of Blood     Necr           5%         N/A       14%         2
 Olgreb's Toxic Radiance  Pois           23%        N/A       19%         4
 Petrify                  Tmut/Erth      12%        N/A       58%         4
 Irradiate                Conj/Tmut      6%         3d15      91%         5


Dungeon Overview and Level Annotations

Branches:
Dungeon (4/15)
 Temple: D:4-7

Altars:

Annotations:
D:4 Edmund


Innate Abilities, Weirdness & Mutations

You have very sharp teeth.
Your uncanny sense of smell can sniff out nearby items.
Your experience applies equally to all skills.


Message History

The sting hits Edmund but does no damage.
Edmund looks even sicker.
Edmund is lightly wounded.
Edmund hits you with a +2 flail of protection!
Aiming: Sting (safe; 3% risk of failure)
Press: ? - help, Q - select action, (/) - cycle Shift-Dir - straight line, f/p - Edmund
Aim: Edmund, wielding a +2 flail of protection and wearing a +2 ring mail of poison resistance (lightly wounded, very poisoned, lightly drained, 77% to hit)
The sting misses Edmund.
Edmund hits you with a +2 flail of protection!
Aiming: Sting (safe; 3% risk of failure)
Press: ? - help, Q - select action, (/) - cycle Shift-Dir - straight line, f/p - Edmund
Aim: Edmund, wielding a +2 flail of protection and wearing a +2 ring mail of poison resistance (lightly wounded, very poisoned, lightly drained, 77% to hit)
The sting hits Edmund.
Edmund partially resists.
Edmund is moderately wounded.
Edmund says, "A flail is better than a scythe, any day of the week!"
Edmund hits you with a +2 flail of protection.
* * * LOW HITPOINT WARNING * * *
Casting: Sting (safe; 3% risk of failure)
Confirm with . or Enter, or press ? or * to list all spells.
You can't see any susceptible monsters within range! (Use Z to cast anyway.) Unknown command.
You hit Edmund. You drain Edmund.
Edmund is moderately wounded.
Edmund barely misses you.
You hit Edmund but do no damage. You bite Edmund, but do no damage.
Edmund is moderately wounded.
Edmund hits you with a +2 flail of protection.
* * * LOW HITPOINT WARNING * * *
Your magical contamination has completely faded away.
You hit Edmund but do no damage.
Edmund is moderately wounded.
Edmund hits you with a +2 flail of protection!
* * * LOW HITPOINT WARNING * * *
It was a potion of might.
You feel very mighty all of a sudden. Edmund misses you.
You whack Edmund!
Edmund is heavily wounded.
Edmund hits you with a +2 flail of protection!
You die...

♣♣..#.#..#.####.###.
♣♣#####...##..^....
####..##.#...#.
##........###.J.
########..##.#....##...
#.....#.####.####.....#
#....# #..####.#...
##...# ##......#...
##.@.#########......
#..@.#∆ ..###..[Z...
#....### #.#.........
#....##.###.#.##......
......##...)....##......
###..##...†###..########
#.##.....# ####
###..[.### #..).##


You could see Edmund (very poisoned, drained).

Vanquished Creatures
  Sigmund (D:2)
  Menkaure (D:4)
  A howler monkey (D:4)
  An orc priest (D:3)
  A bullfrog skeleton (D:4)
  An orc wizard (D:4)
  4 adders
  2 worms (D:3)
  A dart slug (D:2)
  9 orcs
  4 bats
  2 endoplasms
  A giant cockroach (D:3)
  5 goblins
  3 hobgoblins
  4 jackals (D:3)
  3 kobolds
  2 quokkas (D:2)
  7 ball pythons
  2 frilled lizards (D:2)
  3 rats (D:2)
58 creatures vanquished.

Notes
Turn   | Place    | Note
-------+----------+-------------------------------------------
     0 | D:1      | Rickety the Gnoll Venom Mage began the quest for the Orb.
     0 | D:1      | Reached XP level 1. HP: 13/13 MP: 6/6
   462 | D:1      | Found a faded altar of an unknown god.
   736 | D:1      | Reached XP level 2. HP: 19/19 MP: 2/7
   739 | D:1      | Learned a level 2 spell: Poisonous Vapours
  1492 | D:2      | Reached XP level 3. HP: 25/25 MP: 5/9
  1496 | D:2      | Learned a level 3 spell: Mephitic Cloud
  1631 | D:2      | Reached skill level 5 in Spellcasting
  2198 | D:2      | Noticed Sigmund
  2379 | D:2      | Killed Sigmund
  2380 | D:2      | Reached skill level 1 in Fighting
  2380 | D:2      | Reached skill level 1 in Short Blades
  2380 | D:2      | Reached skill level 1 in Long Blades
  2380 | D:2      | Reached skill level 1 in Axes
  2380 | D:2      | Reached skill level 1 in Maces & Flails
  2380 | D:2      | Reached skill level 1 in Polearms
  2380 | D:2      | Reached skill level 1 in Staves
  2380 | D:2      | Reached skill level 1 in Slings
  2380 | D:2      | Reached skill level 1 in Bows
  2380 | D:2      | Reached skill level 1 in Crossbows
  2380 | D:2      | Reached skill level 1 in Throwing
  2380 | D:2      | Reached skill level 1 in Armour
  2380 | D:2      | Reached skill level 1 in Shields
  2380 | D:2      | Reached skill level 1 in Unarmed Combat
  2380 | D:2      | Reached skill level 1 in Conjurations
  2380 | D:2      | Reached skill level 1 in Hexes
  2380 | D:2      | Reached skill level 1 in Summonings
  2380 | D:2      | Reached skill level 1 in Necromancy
  2380 | D:2      | Reached skill level 1 in Translocations
  2380 | D:2      | Reached skill level 1 in Fire Magic
  2380 | D:2      | Reached skill level 1 in Ice Magic
  2380 | D:2      | Reached skill level 1 in Air Magic
  2380 | D:2      | Reached skill level 1 in Earth Magic
  2380 | D:2      | Reached skill level 1 in Invocations
  2380 | D:2      | Reached skill level 1 in Evocations
  2380 | D:2      | Reached XP level 4. HP: 32/32 MP: 1/11
  2380 | D:2      | Reached XP level 5. HP: 37/37 MP: 1/12
  3068 | D:3      | Reached XP level 6. HP: 44/44 MP: 6/13
  4024 | D:4      | Noticed Menkaure
  4053 | D:4      | HP: 2/66 [Menkaure (20)]
  4054 | D:4      | Killed Menkaure
  4055 | D:4      | Reached skill level 5 in Dodging
  4280 | D:4      | Reached XP level 7. HP: 18/50 MP: 4/15
  4844 | D:4      | Noticed Edmund
  4865 | D:4      | Slain by Edmund

Illustrated notes

Levels and vault maps discovered:
D:1:      tarquinn_simple_flora_water_f, layout_basic, basic_ecumenical_altar,
          fountainhead
D:2:      layout_loops_corners, uniq_sigmund
D:3:      layout_rooms, feat_on_display
D:4:      layout_rooms, minmay_door_square, nrook_mini_backslash,
          uniq_crazy_yiuf_cottage, uniq_edmund, uniq_menkaure, uniq_duvessa

Skill      XL: |  1  2  3  4  5  6 |
---------------+-------------------+-----
Transmutations | 2 |  2.9
Spellcasting   | 5 |  5.5
Fighting       | 1 2 |  2.3
Short Blades   | 1 2 |  2.3
Long Blades    | 1 2 |  2.3
Axes           | 1 2 |  2.3
Maces & Flails | 1 2 |  2.3
Polearms       | 1 2 |  2.3
Staves         | 1 2 |  2.3
Slings         | 1 2 |  2.3
Bows           | 1 2 |  2.3
Crossbows      | 1 2 |  2.3
Throwing       | 1 2 |  2.3
Armour         | 1 2 |  2.3
Shields        | 1 2 |  2.3
Unarmed Combat | 1 2 |  2.3
Conjurations   | 1 |  1.9
Hexes          | 1 |  1.9
Summonings     | 1 |  1.9
Necromancy     | 1 |  1.9
Translocations | 1 |  1.9
Fire Magic     | 1 |  1.9
Ice Magic      | 1 |  1.9
Air Magic      | 1 |  1.9
Earth Magic    | 1 |  1.9
Invocations    | 1 2 |  2.5
Evocations     | 1 2 |  2.3
Dodging        | 5 |  5.1
Stealth        | |  4.8
Poison Magic   | |  5.8

Action                   |  1- 3 |  4- 6 |  7- 9 || total
-------------------------+-------+-------+-------++-------
Melee: Hand axe          |     5 |     9 |       ||    14
       Bite              |       |     6 |     2 ||     8
       Whip              |       |    22 |    13 ||    35
       Mace              |       |       |     6 ||     6
 Cast: Sting             |    28 |    34 |    13 ||    75
       Poisonous Vapours |    15 |    37 |     3 ||    55
       Mephitic Cloud    |     2 |     2 |       ||     4
  Use: Potion            |       |     2 |     1 ||     3
 Stab: Sleeping          |       |       |     1 ||     1
Armor: Leather armour    |     3 |    10 |     5 ||    18
Dodge: Dodged            |     8 |    41 |    22 ||    71
